Map: [ESL] Data-C

Players

Krystianer - Winner!

  • Race: Protoss Protoss
  • Spawn Location: 9:00

ForJumy

  • Race: Protoss Protoss
  • Spawn Location: 3:00

Event: DreamHack SC2 Masters 2022 Valencia

VOD

Have the link to the VOD?

Description

Time

  • Played on: July 1, 2022, 11:28 a.m.
  • Length: 3:43

All games in this series

Show
View Real Time Build Order
Export as new Build Order

Krystianer Protoss - Winner!

Build Orders: Oracle Opening 

Get SALT Encoding   

  12  0:00  Probe  
  13  0:12  Probe  
  14  0:17  Pylon  
  14  0:24  Probe (Chrono Boost)  
  15  0:36  Probe (Chrono Boost)  
  15  0:37  Gateway  
  16  0:44  Probe (Chrono Boost)  
  16  0:46  Assimilator  
  17  0:50  Probe  
  18  1:03  Probe (Chrono Boost)  
  19  1:04  Assimilator  
  19  1:10  Gateway  
  19  1:15  Probe (Chrono Boost)  
  20  1:20  Probe (Chrono Boost)  
  20  1:25  Cybernetics Core  
  21  1:29  Probe  
  22  1:40  Pylon  
  22  1:41  Probe  
  23  1:58  Probe  
  23  2:01  Warp Gate, Adept x2  
  26  2:08  Pylon  
  28  2:11  Probe  
  29  2:27  Stargate  
  29  2:31  Probe  
  29  2:35  Pylon  
  30  2:43  Pylon  
  30  2:50  Pylon  
  30  3:01  Pylon  
  29  3:11  Oracle (Chrono Boost)  
  29  3:16  Nexus  
  29  3:19  Probe  
  31  3:31  Pylon, Probe  
Show
View Real Time Build Order
Export as new Build Order

ForJumy Protoss 

Build Orders: 1 Gate Expand 

Get SALT Encoding   

  12  0:00  Probe  
  13  0:12  Probe  
  14  0:19  Pylon  
  14  0:24  Probe  
  15  0:37  Probe (Chrono Boost)  
  15  0:40  Gateway  
  16  0:47  Assimilator  
  16  0:48  Probe (Chrono Boost)  
  17  0:52  Probe (Chrono Boost)  
  18  1:04  Probe  
  19  1:22  Nexus  
  19  1:33  Cybernetics Core  
  19  1:37  Probe  
  20  1:47  Assimilator  
  20  1:49  Probe  
  21  1:57  Pylon  
  21  2:01  Probe  
  22  2:14  Probe  
  23  2:18  Stalker (Chrono Boost)  
  25  2:28  Stargate  
  25  2:33  Probe  
  25  2:36  Shield Battery  
  26  2:40  Shield Battery  
  27  2:44  Probe  
  27  2:48  Stalker  
  29  2:56  Pylon  
  19  3:28  Probe  

Tags
 
Add a new tag
Caveats
  • Supply blocks, unpowered buildings, or Contaminate may cause inaccurate times.
  • Supply counts are checked every 10 seconds.